 Dungeon Crawl Stone Soup version 0.25-a0-424-g80bd347ae0 (webtiles) character file.

Game seed: 9683648440797083019, levelgen mode: deterministic

381 Epan the Digger (level 6, -8/32 HPs)
             Began as a Gargoyle Earth Elementalist on Jan 22, 2020.
             Mangled by an ogre
             ... wielding a +0 giant spiked club
              (15 damage)
             ... on level 4 of the Dungeon.
             The game lasted 00:08:32 (2969 turns).

Epan the Digger (Gargoyle Earth Elementalist)       Turns: 2969, Time: 00:08:32

Health: -8/32      AC: 14    Str: 11    XL:     6   Next: 75%
Magic:  16/21      EV: 12    Int: 18    God:
Gold:   136        SH:  0    Dex: 10    Spells: 9/13 levels left

rFire    . . .     SeeInvis .   g - +0 dagger
rCold    . . .     Gourm    .   (no shield)
rNeg     + . .     Faith    .   c - +1 robe
rPois    ∞         Spirit   .   i - +2 helmet
rElec    +         Reflect  .   r - scarf {repulsion}
rCorr    .         Harm     .   (no gloves)
MR       .....                  (no boots)
Stlth    ++........             (no amulet)
HPRegen  0.10/turn              p - +4 ring of protection
MPRegen  0.17/turn              o - ring of magical power

@: repel missiles
A: negative energy resistance 1, electricity resistance, unbreathing,
petrification resistance, rot immunity, AC +4
a: no special abilities


You were on level 4 of the Dungeon.
You were not hungry.

You visited 1 branch of the dungeon, and saw 4 of its levels.

You collected 136 gold pieces.

Inventory:

Hand Weapons
 g - a +0 dagger (weapon)
Missiles
 b - 105 stones (quivered)
Armour
 c - a +1 robe (worn)
 i - a +2 helmet (worn)
 r - a scarf of repulsion (worn)
Jewellery
 o - a ring of magical power (right hand)
 p - a +4 ring of protection (left hand)
Wands
 t - a wand of polymorph (9)
Scrolls
 e - a scroll of teleportation
 f - 2 scrolls of fog
Potions
 a - a potion of mutation {unknown}
 h - a potion of heal wounds {unknown}
 j - a potion of degeneration {unknown}
 k - a potion of flight {unknown}
 l - a potion of lignification {unknown}
 m - 3 potions of brilliance
 n - 4 potions of curing
 s - a potion of might {unknown}
 u - 2 potions of resistance
Comestibles
 d - 6 rations
 q - 3 chunks of flesh


   Skills:
 - Level 1.5 Dodging
 - Level 2.1 Stealth
 + Level 4.1 Spellcasting
 + Level 3.4 Conjurations
   Level 0.7 Transmutations
 + Level 6.1 Earth Magic


You had 9 spell levels left.
You knew the following spells:

 Your Spells              Type           Power        Failure   Level  Hunger
a - Sandblast             Erth           ####..       1%          1    None
b - Stone Arrow           Conj/Erth      ###...       6%          3    ###....

Your spell library contained the following spells:

 Spells                   Type           Power        Failure   Level  Hunger
 Passwall                 Tmut/Erth      ###.....     5%          2    ##.....
 Lee's Rapid Deconstruct  Erth           ####......   32%         5    ######.
 Petrify                  Tmut/Erth      ###.....     34%         4    ####...


Dungeon Overview and Level Annotations

Branches:
Dungeon (4/15)
 Temple: D:4-7

Altars:
Ashenzari
Cheibriados
Dithmenos
Elyvilon
Gozag
Hepliaklqana
Kikubaaqudgha
Makhleb
Nemelex Xobeh
Qazlal
Ru
Sif Muna
Wu Jian
Zin


Innate Abilities, Weirdness & Mutations

You are resistant to torment.
Your stone body is resilient. (AC +4)
You are immune to poison.
You resist negative energy. (rN+)
You are resistant to electric shocks. (rElec)
You can survive without breathing.
You are immune to petrification.
You are immune to rotting.


Message History

Confirm with . or Enter, or press ? or * to list all spells.
Aiming: Sandblast (safe; 1% risk of failure)
Press: ? - help, Shift-Dir - straight line, f - ogre
Aim: an ogre, wielding a +0 giant spiked club The blast of sand hits the ogre!
The ogre is heavily wounded.
b - 106 stones The ogre hits you with a +0 giant spiked club!
Ouch! That really hurt!
* * * LOW HITPOINT WARNING * * *
Casting: Sandblast (safe; 1% risk of failure)
Confirm with . or Enter, or press ? or * to list all spells.
Aiming: Sandblast (safe; 1% risk of failure)
Press: ? - help, Shift-Dir - straight line, f/p - ogre
Aim: an ogre, wielding a +0 giant spiked club (heavily wounded)
The blast of sand hits the ogre!
The ogre is almost dead.
b - 105 stones The ogre hits you with a +0 giant spiked club!
You die...

##8..8#
#.#
#_....#
#+#
###..###
#_...._#
###..###
#_...._#
###..###
#_....8#
###@O###
#_...._#
##____##
######


You could see an ogre.

Vanquished Creatures
  A hippogriff (D:4)
  An orc wizard (D:3)
  2 worker ants (D:4)
  Robin (D:2)
  4 adders
  A worm (D:2)
  A dart slug (D:2)
  A leopard gecko (D:3)
  4 orcs (D:3)
  A ball python (D:2)
  5 giant cockroaches
  14 goblins
  2 hobgoblins
  4 jackals (D:3)
  9 kobolds
  A quokka (D:2)
  5 bats
  3 frilled lizards (D:2)
  9 rats
69 creatures vanquished.

Notes
Turn   | Place    | Note
-------+----------+-------------------------------------------
     0 | D:1      | Epan the Gargoyle Earth Elementalist began the quest for
                  | the Orb.
     0 | D:1      | Reached XP level 1. HP: 10/10 MP: 3/3
   463 | D:1      | Reached XP level 2. HP: 8/15 MP: 0/5
   495 | D:1      | Reached skill level 4 in Earth Magic
  1013 | D:2      | Reached XP level 3. HP: 12/19 MP: 4/7
  1018 | D:2      | Learned a level 3 spell: Stone Arrow
  1565 | D:2      | Found a faded altar of an unknown god.
  1731 | D:2      | Reached skill level 1 in Conjurations
  1731 | D:2      | Reached XP level 4. HP: 24/24 MP: 3/8
  1848 | D:2      | Noticed Robin
  1860 | D:2      | Killed Robin
  2090 | D:3      | Found a shadowy altar of Dithmenos.
  2096 | D:3      | Reached skill level 5 in Earth Magic
  2232 | D:3      | Reached XP level 5. HP: 28/28 MP: 4/10
  2682 | D:3      | Found an opulent altar of Gozag.
  2871 | D:4      | Found a burning altar of Makhleb.
  2871 | D:4      | Noticed a balrug
  2905 | D:4      | Noticed a hippogriff
  2921 | D:4      | Killed a hippogriff
  2921 | D:4      | Reached skill level 6 in Earth Magic
  2921 | D:4      | Reached XP level 6. HP: 18/32 MP: 10/12
  2955 | D:4      | Found a shattered altar of Ashenzari.
  2959 | D:4      | Found a hazy altar of Hepliaklqana.
  2961 | D:4      | Found a glowing silver altar of Zin.
  2962 | D:4      | Found an ancient bone altar of Kikubaaqudgha.
  2962 | D:4      | Found a shimmering blue altar of Sif Muna.
  2962 | D:4      | Found a stormy altar of Qazlal.
  2962 | D:4      | Found an ornate altar of the Wu Jian Council.
  2962 | D:4      | Found a burning altar of Makhleb.
  2963 | D:4      | Found a snail-covered altar of Cheibriados.
  2965 | D:4      | Found a white marble altar of Elyvilon.
  2966 | D:4      | Found a sparkling altar of Nemelex Xobeh.
  2967 | D:4      | Found a sacrificial altar of Ru.
  2969 | D:4      | Mangled by an ogre

Levels and vault maps discovered:
D:1:      lightli_iron_boxes, layout_basic
D:2:      wad_crossroads, layout_basic, chequers_ecumenical_altar_grove,
          uniq_robin
D:3:      layout_rooms, grunt_gozag_statues, first_ration,
          nicolae_dithmenos_through_a_glass_darkly
D:4:      layout_basic, minitemple, makhleb_altar_promises_db

Skill      XL: |  1  2  3  4  5 |
---------------+----------------+-----
Earth Magic    | 4 5 6 |  6.1
Spellcasting   | 3 4 |  4.1
Conjurations   | 1 2 3 |  3.4
Dodging        | |  1.5
Stealth        | |  2.1
Transmutations | |  0.7

Action                   |  1- 3 |  4- 6 || total
-------------------------+-------+-------++-------
Melee: Dagger            |   134 |    98 ||   232
       Unarmed           |    11 |       ||    11
 Cast: Sandblast         |    26 |    41 ||    67
  Use: Potion            |     1 |       ||     1
       Scroll            |       |    10 ||    10
 Stab: Sleeping          |     4 |     2 ||     6
  Eat: Chunk             |     3 |     4 ||     7
Armor: Robe              |   106 |    63 ||   169
Dodge: Dodged            |   126 |    92 ||   218
       Deflected         |       |     4 ||     4

Table legend:
 A = Non-vault XP
 B = Vault XP
 C = Vault XP percentage of total XP
 D = Non-vault monster count
 E = Vault monster count
 F = Vault count percentage of total count
                 A         B        C        D         E       F
            +---------+---------+-------+---------+---------+-------
      Total |     481 |      64 |  11.7 |      54 |      15 |  21.7
            +---------+---------+-------+---------+---------+-------
        D:1 |      16 |       0 |   0.0 |      11 |       0 |   0.0
        D:2 |      49 |      64 |  56.6 |      21 |      15 |  41.7
        D:3 |      87 |       0 |   0.0 |      19 |       0 |   0.0
        D:4 |     329 |       0 |   0.0 |       3 |       0 |   0.0
            +---------+---------+-------+---------+---------+-------
